 Dungeon Crawl Stone Soup version 0.30.0-29-ga12c61a403 (webtiles) character file.

Game seed: 14219827288676697590

10 ChadusMaximus the Caller (level 2, 0/19 HPs)
             Began as a Human Summoner on June 22, 2023.
             Slain by a jackal (1 damage)
             ... on level 1 of the Dungeon.
             The game lasted 00:00:35 (206 turns).

ChadusMaximus the Caller (Human Summoner)            Turns: 206, Time: 00:00:36

Health: 0/19       AC:  2    Str:  8    XL:     2   Next: 30%
Magic:  5/5        EV: 12    Int: 15    God:
Gold:   18         SH:  0    Dex: 13    Spells: 4/5 levels left

rFire   . . .        d - +0 dagger
rCold   . . .        (no shield)
rNeg    . . .        a - +0 robe
rPois   .            (no helmet)
rElec   .            (no cloak)
rCorr   .            (no gloves)
SInv    .            (no boots)
Will    .....        (no amulet)
Stlth   ++           (no ring)
HPRegen 0.23/turn    (no ring)
MPRegen 0.09/turn

%: no passive effects
@: no status effects
A: no striking features
a: no special abilities


You were on level 1 of the Dungeon.
You visited 1 branch of the dungeon, and saw 1 of its levels.

You collected 18 gold pieces.

Inventory:

Hand Weapons
 d - a +0 dagger (weapon)
Armour
 a - a +0 robe (worn)
Scrolls
 c - a scroll of identify {unknown}
Potions
 b - a potion of magic


   Skills:
 + Level 2.2 Dodging
 - Level 2.0 Stealth
 + Level 2.2 Spellcasting
 * Level 4.1 Summonings


You had 4 spell levels left.
You knew the following spells:

 Your Spells              Type           Power      Damage    Failure   Level
a - Summon Small Mammal   Summ           56%        N/A       4%          1

Your spell library contained the following spells:

 Spells                   Type           Power      Damage    Failure   Level
 Call Imp                 Summ           28%        N/A       6%          2
 Call Canine Familiar     Summ           14%        N/A       12%         3
 Apportation              Tloc           2%         N/A       22%         1
 Necrotise                Necr           4%         1d4       22%         1
 Summon Guardian Golem    Hex/Summ       7%         N/A       28%         3
 Summon Lightning Spire   Summ/Air       7%         N/A       67%         4


Dungeon Overview and Level Annotations

Branches:
Dungeon (1/15)

Altars:


Message History

Your bat misses the jackal.
Your bat hits the jackal but does no damage.
The jackal misses you. The jackal closely misses your bat.
The jackal bites you.
Unknown command.
You barely miss the jackal.
The jackal is severely wounded.
Your bat hits the jackal but does no damage.
Your bat closely misses the jackal.
The jackal bites you but does no damage.
The jackal bites you.
A bat comes into view.
The jackal misses you. The jackal bites you. The jackal barely misses you.
You hit the jackal.
You kill the jackal!
Your bat misses the jackal. x2; Your bat hits the jackal.
The jackal barely misses you. The jackal closely misses you.
Unknown command.
You closely miss the jackal.
The jackal is heavily wounded.
Your bat closely misses the jackal.
The jackal closely misses you.
The jackal bites you but does no damage.
The bat closely misses you.
The jackal bites you but does no damage.
The jackal bites you.
* * * LOW HITPOINT WARNING * * *
Unknown command.
You swap places.
Your bat barely misses the jackal.
The bat misses your bat.
Your bat hits the jackal but does no damage.
The jackal bites you.
* * * LOW HITPOINT WARNING * * *
Your bat closely misses the jackal.
The bat closely misses your bat.
Your bat barely misses the jackal.
The jackal bites you.
* * * LOW HITPOINT WARNING * * *
The jackal bites you but does no damage.
Okay, then.
Your bat closely misses the jackal. x2; The bat hits you but does no damage.
Your bat closely misses the jackal.
The jackal closely misses you. The jackal attacks as you move away!
The jackal bites you.
You die...

##..#.#.##.....
######....#.#..# ####
#......#.##.##.##
#........##. #..#
###...b..# #. ##.# #...>..#
#.# #.#### ...##.#..b.# #.#
#....# #......b..h# #.#
####.## #..##....h@# #.#
#..# #..#..(.## #.# ##..
#...##.....# #.# #..
.$.......##.#####.#######..
.#.##....##......†......>..
#.......#####.......####..
####................# #..
#.... ####.......# ###
##### #########


You could see 2 jackals, a bat and 2 friendly bats.

Vanquished Creatures
  2 goblins (D:1)
  A jackal (D:1)
3 creatures vanquished.

Vanquished Creatures (collateral kills)
  2 giant cockroaches (D:1)
  A hobgoblin (D:1)
  A jackal (D:1)
  A goblin (D:1)
5 creatures vanquished.

Grand Total: 8 creatures vanquished

Notes
Turn   | Place    | Note
-------+----------+-------------------------------------------
     0 | D:1      | ChadusMaximus the Human Summoner began the quest for the
                  | Orb.
     0 | D:1      | Reached XP level 1. HP: 13/13 MP: 3/3
   131 | D:1      | Reached XP level 2. HP: 11/19 MP: 1/5
   206 | D:1      | Slain by a jackal

Illustrated notes

Levels and vault maps discovered:
D:1:      amcnicky_arrival_underground_garden, layout_rooms, serial_park_tiny_2

Action                     || total
---------------------------++-------
  Melee: Unarmed           ||    25
         Dagger            ||     8
   Cast: Summon Small Mamm ||     8
   Stab: Distracted        ||     1
 Armour: Robe              ||    16
  Dodge: Dodged            ||    37
